 Dungeon Crawl Stone Soup version 0.20.0-15-g7f486f2 (webtiles) character file.

214 skittles the Firebug (level 5, -3/57 HPs)
             Began as a Draconian Fire Elementalist on June 10, 2017.
             Killed by divine providence
             ... invoked by an orc priest
              (12 damage)
             ... on level 3 of the Dungeon.
             The game lasted 00:09:09 (3781 turns).

skittles the Firebug (Draconian Fire Elementalist)  Turns: 3781, Time: 00:09:09

Health: -3/57      AC: 22    Str: 11    XL:     5   Next: 60%
Magic:  3/8        EV:  2    Int: 16    God:
Gold:   53         SH:  0    Dex: 11    Spells: 4/8 levels left

rFire    . . .     SeeInvis .   l - +2 mace (venom)
rCold    . . .     Gourm    .   (no shield)
rNeg     + + +     Faith    .   (armour unavailable)
rPois    +         Spirit   .   (helmet currently unavailable)
rElec    .         Reflect  .   (cloak currently unavailable)
rCorr    .         Harm     .   (gloves currently unavailable)
MR       .....     NoTele   +   (boots currently unavailable)
Stlth    ++........             (no amulet)
Regen    0.2/turn               (no ring)
MPRegen  0.2/turn               (no ring)

@: tree-form
A: unfitting armour, AC +5
a: no special abilities


You were on level 3 of the Dungeon.
You were not hungry.
You were a tree.
You visited 1 branch of the dungeon, and saw 3 of its levels.

You collected 53 gold pieces.

Inventory:

Hand Weapons
 l - a +2 mace of venom (weapon)
Armour
 d - a +0 pair of gloves (melded)
Scrolls
 c - 4 scrolls of identify {unknown}
 g - a scroll of teleportation {unknown}
 k - a scroll of fog {unknown}
Potions
 f - a potion of lignification
 h - a potion of might {unknown}
 j - a potion of brilliance {unknown}
Books
 a - a book of Flames

   Spells                             Type                      Level
   a - Flame Tongue                   Conjuration/Fire             1
   b - Throw Flame                    Conjuration/Fire             2
   c - Conjure Flame                  Conjuration/Fire             3
   d - Inner Flame                    Hexes/Fire                   3
   e - Sticky Flame                   Conjuration/Fire             4
   f - Fireball                       Conjuration/Fire             5
Comestibles
 b - a bread ration
 i - 3 royal jellies


   Skills:
 - Level 1.7 Dodging
 - Level 1.7 Stealth
 - Level 2.0 Spellcasting
 + Level 3.9 Conjurations
 + Level 5.0 Fire Magic


You had 4 spell levels left.
You knew the following spells:

 Your Spells              Type           Power        Failure   Level  Hunger
a - Flame Tongue          Conj/Fire      ###..        3%          1    #......
b - Conjure Flame         Conj/Fire      ###.....     10%         3    ###....


Dungeon Overview and Level Annotations

Branches:
Dungeon (3/15)

Altars:


Innate Abilities, Weirdness & Mutations

((Your plain brown scales are hard. (AC +5)))
You cannot fit into any form of body armour.
((You are cold-blooded and may be slowed by cold attacks.))


Message History

You feel sick. The adder bites you.
Casting: Flame Tongue
Confirm with . or Enter, or press ? or * to list all spells.
You don't know that spell.
You hit the adder.
The adder looks as sick as possible!
The adder is moderately wounded.
The adder closely misses you.
The orc priest invokes the aid of Beogh against you.
Beogh smites you!
* * * LOW HITPOINT WARNING * * *
The adder bites you but does no damage.
It was a potion of lignification.
You turn into a tree.
Your +0 pair of gloves melds into your body.
Your roots penetrate the ground.
You feel sick. The adder bites you but does no damage.
It was a potion of curing.
You feel better. The adder bites you but does no damage.
The orc priest invokes the aid of Beogh against you.
Beogh smites you!
You die...

#.....# ...
#.....# #.#
#.....# #.#
#.....# #.#
#.†...# #.#
####.#### #.###
#### #.......#
#....
#...o###.##.##.#
#..#.
#.oS♣.....##.#
##...
.....####.#####.#
###.# .#.
.........####....
###...............
############.##.
#.##. #.##. #....
####.


You could see an orc priest, an adder and an orc.

Vanquished Creatures
  An orc priest (D:3)
  Terence (D:2)
  Natasha (twice) (D:2)
  4 adders
  An ooze (D:2)
  2 worms
  3 dart slugs
  2 leopard geckos (D:1)
  An orc (D:3)
  A giant cockroach (D:2)
  6 goblins
  6 hobgoblins
  7 jackals (D:1)
  A ball python (D:2)
  8 bats
  2 frilled lizards
  7 kobolds
  3 rats (D:1)
  A plant (D:1)
59 creatures vanquished.

Notes
Turn   | Place    | Note
-------+----------+-------------------------------------------
     0 | D:1      | skittles the Draconian Fire Elementalist began the quest for the Orb.
     0 | D:1      | Reached XP level 1. HP: 14/14 MP: 3/3
   189 | D:1      | Reached XP level 2. HP: 3/20 MP: 0/5
  1180 | D:1      | Reached XP level 3. HP: 26/26 MP: 1/6
  1976 | D:2      | Reached skill level 4 in Fire Magic
  2255 | D:2      | Reached XP level 4. HP: 33/33 MP: 7/7
  2293 | D:2      | Noticed Terence
  2300 | D:2      | Learned a level 3 spell: Conjure Flame
  2785 | D:2      | Killed Terence
  2890 | D:2      | Noticed Natasha
  2892 | D:2      | Killed Natasha
  2920 | D:2      | Noticed Natasha
  2930 | D:2      | Killed Natasha
  2930 | D:2      | Reached XP level 5. HP: 19/38 MP: 8/8
  3770 | D:3      | Reached skill level 5 in Fire Magic
  3781 | D:3      | Killed from afar by an orc priest

Skill      XL: |  1  2  3  4  5 |
---------------+----------------+-----
Conjurations   | 2 3 |  3.9
Fire Magic     | 4 5 |  5.0
Dodging        | |  1.7
Stealth        | |  1.7
Spellcasting   | |  2.0

Action                   |  1- 3 |  4- 6 || total
-------------------------+-------+-------++-------
Melee: Club              |    26 |       ||    26
       Unarmed           |     6 |       ||     6
       Tailslap          |    16 |     5 ||    21
       Dagger            |    88 |    28 ||   116
       Mace              |       |    25 ||    25
 Cast: Flame Tongue      |    29 |    22 ||    51
       Conjure Flame     |       |     2 ||     2
  Use: Potion            |       |     2 ||     2
 Stab: Sleeping          |     1 |     1 ||     2
  Eat: Chunk             |     4 |     6 ||    10
Armor: Skin              |    40 |    19 ||    59
Dodge: Dodged            |    96 |    31 ||   127
